 Dungeon Crawl Stone Soup version 0.23.2-33-g5129a83184 (webtiles) character file.

Game seed: 10475245489595430075

112 Revguard the Slasher (level 4, -1/27 HPs)
             Began as a Tengu Gladiator on July 5, 2019.
             Slain by a gnoll
             ... wielding a +0 halberd
              (16 damage)
             ... on level 2 of the Dungeon.
             The game lasted 00:03:00 (1793 turns).

Revguard the Slasher (Tengu Gladiator)              Turns: 1793, Time: 00:03:03

Health: -1/27      AC:  3    Str: 14    XL:     4   Next: 93%
Magic:  5/5        EV: 15    Int:  9    God:
Gold:   93         SH:  0    Dex: 16    Spells: 3/3 levels left

rFire    . . .     SeeInvis .   a - +0 long sword
rCold    . . .     Gourm    .   (no shield)
rNeg     . . .     Faith    .   b - +0 leather armour
rPois    .         Spirit   .   c - +0 hat
rElec    .         Reflect  .   (no cloak)
rCorr    .         Harm     .   (no gloves)
MR       .....                  (boots unavailable)
Stlth    +.........             (no amulet)
HPRegen  0.09/turn              g - +1 ring of evasion
MPRegen  0.09/turn              (no ring)

@: no status effects
A: beak, talons 3
a: no special abilities


You were on level 2 of the Dungeon.
You were not hungry.

You visited 1 branch of the dungeon, and saw 2 of its levels.

You collected 93 gold pieces.

Inventory:

Hand Weapons
 a - a +0 long sword (weapon)
Missiles
 d - 3 throwing nets (quivered)
Armour
 b - a +0 leather armour (worn)
 c - a +0 hat (worn)
Jewellery
 g - a +1 ring of evasion (left hand)
Scrolls
 e - a scroll of immolation {unknown}
 h - 6 scrolls of identify {unknown}
 i - a scroll of blinking {unknown}
 k - a scroll of enchant armour {unknown}
 l - a scroll of remove curse {unknown}
Potions
 j - a potion of curing {unknown}
Comestibles
 f - 7 rations


   Skills:
 + Level 2.5 Fighting
 + Level 4.3 Long Blades
 - Level 2.0 Throwing
 * Level 2.3 Armour
 + Level 4.1 Dodging


You had 3 spell levels left.
You didn't know any spells.
Your spell library was empty.

Dungeon Overview and Level Annotations

Branches:
Dungeon (2/15)

Altars:
Fedhas


Innate Abilities, Weirdness & Mutations

You have a beak for a mouth.
You have claws for feet.


Message History

The gnoll moves out of view.
The gnoll throws a throwing net.
The throwing net misses you.
Found a pair of gloves.
You see here a throwing net.
The gnoll closely misses you.
The gnoll hits you from afar with a +0 spear!
You see here a ration.
You slash the gnoll!
The gnoll is severely wounded.
The gnoll misses you.
You closely miss the gnoll. Your peck misses the gnoll. The gnoll misses you.
The gnoll hits you from afar with a +0 spear.
The gnoll barely misses you.
You closely miss the gnoll. Your kick misses the gnoll.
The gnoll hits you but does no damage. The gnoll misses you.
You riposte.
You hit the gnoll. You claw the gnoll.
The gnoll is almost dead.
The gnoll hits you from afar with a +0 halberd!
Ouch! That really hurt!
You die...

.........#######
######.........#####
#..............#
#.#.##....####
#)#.#####.#
#####.#)#####.###
...##.#.........##
##....#.#..####.(#
##..###.#.## ##@#
....###[#.# #g#
..........#


ggg ......#.### ....w ......#.######...... ......).............#
......#.######.[....# ...####..# #......# ##.......## You could see a worm and 4
gnolls.

Vanquished Creatures
  A worker ant (D:2)
  4 gnolls (D:2)
  An ooze (D:2)
  A worm (D:2)
  2 leopard geckos (D:2)
  5 bats
  2 giant cockroaches (D:1)
  5 goblins
  6 hobgoblins
  4 kobolds
  4 frilled lizards
  6 rats
41 creatures vanquished.

Notes
Turn   | Place    | Note
-------+----------+-------------------------------------------
     0 | D:1      | Revguard the Tengu Gladiator began the quest for the Orb.
     0 | D:1      | Reached XP level 1. HP: 12/12 MP: 2/2
   294 | D:1      | Reached XP level 2. HP: 13/17 MP: 3/3
   824 | D:2      | Reached skill level 1 in Armour
   877 | D:2      | Reached XP level 3. HP: 6/21 MP: 4/4
  1387 | D:2      | Reached XP level 4. HP: 26/26 MP: 5/5
  1721 | D:2      | Found a blossoming altar of Fedhas.
  1793 | D:2      | Slain by a gnoll

Skill      XL: |  1  2  3  4 |
---------------+-------------+-----
Armour         | 1 2 |  2.3
Long Blades    | 4 |  4.3
Dodging        | 4 |  4.1
Fighting       | |  2.5
Throwing       | |  2.0

Action                   |  1- 3 |  4- 6 || total
-------------------------+-------+-------++-------
Melee: Long sword        |    43 |    23 ||    66
       Kick              |    15 |    11 ||    26
       Peck              |     7 |     5 ||    12
  Eat: Chunk             |       |     3 ||     3
Armor: Leather armour    |    14 |     2 ||    16
Dodge: Dodged            |    37 |    22 ||    59
       Rpst.: Long sword |    16 |     7 ||    23
